General information
- name: BNet
- type: Ladder team game (AT/RT)
- host: Battle.net
- saver: BEAR_AND
map: RiverOfSouls
- players: 6
- length: 26:25
- speed: Fast
- version: 1.26 W3XP
- replay type:

» download(221 KB)
Players
team 1 (loser)

»
13rassM0nkey (
orange | 128 APM | 3347 actions | 26:14)
4 Keeper of the Grove
2 Entangling Roots
2 Thorns Aura
» actions
| Assign group hotkey | 59 | |
| Basic commands | 137 | |
| Build / train | 63 | |
| Enter build submenu | 23 | |
| Enter hero's abilities submenu | 4 | |
| Right click | 1927 | |
| Select / deselect | 402 | |
| Select group hotkey | 666 | |
| Use ability | 66 | |
3347 total
» units
| Wisp | 24 | |
| Huntress | 7 | |
| Glaive Thrower | 6 | |
| Archer | 6 | |
| Hippogryph | 2 | |
| Druid of the Talon | 3 | |
| Chimaera | 6 | |
54 total
» upgrades
| Vorpal Blades | 1 | |
| Corrosive Breath | 1 | |
2 total
» buildings
| Altar of Elders | 1 | |
| Moon Well | 10 | |
| Hunter's Hall | 1 | |
| Ancient of War | 2 | |
| Tree of Ages | 1 | |
| Ancient Protector | 3 | |
| Ancient of Wind | 1 | |
| Tree of Eternity | 1 | |
| Chimaera Roost | 2 | |
22 total
» build order
00:11 Altar of Elders
00:20 Moon Well
01:33 Hunter's Hall
01:43 Ancient of War
02:05 Ancient of War
02:26 Moon Well
04:29 Moon Well
05:25 Moon Well
08:43 Tree of Ages
08:50 Ancient Protector
11:26 Ancient of Wind
14:02 Tree of Eternity
16:42 Chimaera Roost
16:49 Moon Well
17:24 Chimaera Roost
18:34 Moon Well
19:13 Moon Well
19:17 Moon Well
19:34 Ancient Protector
19:38 Ancient Protector
20:08 Moon Well
20:13 Moon Well
Magma_ (
blue | 60 APM | 1593 actions | 26:21)
4 Priestess of the Moon
2 Trueshot Aura
2 Searing Arrows
1 Keeper of the Grove
1 Entangling Roots
» actions
| Assign group hotkey | 28 | |
| Basic commands | 59 | |
| Build / train | 62 | |
| Enter build submenu | 19 | |
| Enter hero's abilities submenu | 5 | |
| Give item / drop item | 1 | |
| Right click | 697 | |
| Select / deselect | 351 | |
| Select group hotkey | 328 | |
| Use ability | 43 | |
1593 total
» units
| Wisp | 15 | |
| Archer | 2 | |
| Huntress | 12 | |
| Glaive Thrower | 4 | |
| Dryad | 12 | |
| Mountain Giant | 1 | |
| Hippogryph | 5 | |
51 total
» upgrades
» buildings
| Moon Well | 7 | |
| Altar of Elders | 1 | |
| Ancient of War | 2 | |
| Hunter's Hall | 1 | |
| Ancient of Wonders | 1 | |
| Tree of Ages | 1 | |
| Ancient of Lore | 1 | |
| Ancient of Wind | 2 | |
| Tree of Eternity | 1 | |
| Tree of Life | 1 | |
18 total
» build order
00:12 Moon Well
00:34 Altar of Elders
00:49 Ancient of War
01:57 Hunter's Hall
02:15 Moon Well
02:38 Ancient of War
04:18 Moon Well
04:56 Ancient of Wonders
07:11 Tree of Ages
09:48 Ancient of Lore
12:22 Moon Well
12:26 Moon Well
14:32 Ancient of Wind
15:52 Tree of Eternity
16:45 Moon Well
16:46 Moon Well
19:56 Ancient of Wind
22:57 Tree of Life
» items
Smurph (
pink | 95 APM | 2489 actions | 26:15)
4 Death Knight
2 Death Coil
2 Unholy Aura
3 Lich
2 Frost Nova
1 Dark Ritual
» actions
| Assign group hotkey | 42 | |
| Basic commands | 147 | |
| Build / train | 69 | |
| ESC pressed | 1 | |
| Enter build submenu | 22 | |
| Enter hero's abilities submenu | 8 | |
| Right click | 1129 | |
| Select / deselect | 311 | |
| Select group hotkey | 694 | |
| Use ability | 66 | |
2489 total
» units
| Acolyte | 4 | |
| Ghoul | 13 | |
| Crypt Fiend | 20 | |
| Meatwagon | 1 | |
| Frost Wyrm | 12 | |
50 total
» upgrades
» buildings
| Graveyard | 1 | |
| Crypt | 1 | |
| Altar of Darkness | 1 | |
| Ziggurat | 9 | |
| Tomb of Relics | 1 | |
| Nerubian Tower | 1 | |
| Spirit Tower | 1 | |
| Halls of the Dead | 1 | |
| Slaughterhouse | 2 | |
| Black Citadel | 1 | |
| Sacrificial Pit | 1 | |
| Boneyard | 3 | |
23 total
» build order
00:09 Graveyard
00:11 Crypt
00:41 Altar of Darkness
01:01 Ziggurat
01:13 Ziggurat
02:02 Tomb of Relics
03:42 Ziggurat
05:20 Nerubian Tower
05:21 Spirit Tower
07:04 Halls of the Dead
07:07 Ziggurat
09:25 Slaughterhouse
09:29 Slaughterhouse
13:41 Black Citadel
14:06 Sacrificial Pit
14:28 Ziggurat
14:51 Ziggurat
15:27 Ziggurat
16:04 Boneyard
16:08 Boneyard
16:14 Boneyard
18:59 Ziggurat
19:17 Ziggurat
» items
team 2 (winner)
BEAR_AND (
teal | 100 APM | 2630 actions | 26:25)
5 Warden
2 Shadow Strike
3 Blink
» actions
| Assign group hotkey | 5 | |
| Basic commands | 5 | |
| Build / train | 71 | |
| Enter build submenu | 23 | |
| Enter hero's abilities submenu | 6 | |
| Remove unit from queue | 1 | |
| Right click | 1988 | |
| Select / deselect | 244 | |
| Select group hotkey | 142 | |
| Use ability | 145 | |
2630 total
» units
» upgrades
| Nature's Blessing | 1 | |
| Strength of the Wild | 2 | |
| Ultravision | 1 | |
| Well Spring | 1 | |
| Corrosive Breath | 1 | |
| Abolish Magic | 1 | |
7 total
» buildings
| Altar of Elders | 1 | |
| Moon Well | 10 | |
| Tree of Life | 1 | |
| Tree of Ages | 3 | |
| Hunter's Hall | 1 | |
| Tree of Eternity | 3 | |
| Ancient of Wind | 1 | |
| Chimaera Roost | 2 | |
| Ancient of Wonders | 1 | |
| Ancient of Lore | 1 | |
24 total
» build order
00:14 Altar of Elders
00:20 Moon Well
02:00 Moon Well
03:40 Tree of Life
07:42 Tree of Ages
07:42 Tree of Ages
09:53 Hunter's Hall
10:05 Tree of Eternity
10:05 Tree of Eternity
10:13 Ancient of Wind
12:31 Chimaera Roost
12:37 Chimaera Roost
13:30 Moon Well
14:08 Moon Well
14:38 Moon Well
15:32 Ancient of Wonders
15:36 Moon Well
15:42 Moon Well
15:50 Moon Well
15:51 Moon Well
15:52 Moon Well
19:20 Ancient of Lore
» items
| Healing Salve | 4 | |
| Lesser Clarity Potion | 5 | |
| Boots of Speed | 1 | |
| Scroll of Town Portal | 2 | |
| Staff of Teleportation | 1 | |
| Orb of Venom | 1 | |
14 total
DeRPALeRT (
yellow | 111 APM | 2939 actions | 26:22)
3 Archmage
2 Blizzard
1 Brilliance Aura
2 Paladin
1 Holy Light
1 Divine Shield
3 Mountain King
2 Storm Bolt
1 Thunder Clap
» actions
| Assign group hotkey | 13 | |
| Basic commands | 19 | |
| Build / train | 168 | |
| ESC pressed | 5 | |
| Enter build submenu | 80 | |
| Enter hero's abilities submenu | 8 | |
| Right click | 1464 | |
| Select / deselect | 471 | |
| Select group hotkey | 472 | |
| Use ability | 239 | |
2939 total
» units
| Peasant | 34 | |
| Dragonhawk Rider | 3 | |
37 total
» upgrades
| Masonry | 3 | |
| Lumber Harvesting | 1 | |
| Magic Sentry | 1 | |
| Cloud | 1 | |
| Swords | 3 | |
| Armor | 3 | |
12 total
» buildings
| Altar of Kings | 1 | |
| Farm | 10 | |
| Lumber Mill | 1 | |
| Scout Tower | 120 | |
| Arcane Tower | 4 | |
| Guard Tower | 90 | |
| Town Hall | 1 | |
| Keep | 1 | |
| Castle | 2 | |
| Arcane Sanctum | 1 | |
| Arcane Vault | 1 | |
| Gryphon Aviary | 3 | |
| Blacksmith | 1 | |
236 total
» build order
00:10 Altar of Kings
00:16 Farm
00:30 Lumber Mill
01:17 Scout Tower
01:19 Scout Tower
01:27 Farm
01:47 Arcane Tower
01:47 Arcane Tower
01:50 Scout Tower
01:51 Guard Tower
01:56 Scout Tower
02:17 Guard Tower
02:23 Scout Tower
02:32 Scout Tower
02:33 Guard Tower
02:33 Guard Tower
03:04 Guard Tower
03:18 Town Hall
03:41 Scout Tower
03:42 Scout Tower
03:50 Keep
04:03 Scout Tower
04:04 Scout Tower
04:05 Scout Tower
04:06 Scout Tower
04:06 Scout Tower
04:09 Scout Tower
04:38 Guard Tower
04:38 Guard Tower
04:38 Guard Tower
04:41 Scout Tower
04:46 Guard Tower
04:46 Arcane Tower
04:47 Arcane Tower
04:59 Guard Tower
04:59 Guard Tower
05:01 Scout Tower
05:02 Scout Tower
05:11 Guard Tower
05:14 Scout Tower
05:18 Scout Tower
05:20 Scout Tower
05:20 Scout Tower
05:32 Farm
05:35 Guard Tower
05:35 Guard Tower
05:35 Guard Tower
05:43 Guard Tower
05:43 Guard Tower
06:08 Guard Tower
06:08 Guard Tower
07:04 Scout Tower
07:05 Scout Tower
07:06 Scout Tower
08:34 Guard Tower
08:35 Guard Tower
08:37 Scout Tower
08:43 Guard Tower
08:43 Guard Tower
08:46 Scout Tower
09:07 Guard Tower
09:07 Guard Tower
09:15 Guard Tower
09:15 Guard Tower
09:20 Scout Tower
09:21 Scout Tower
09:22 Scout Tower
09:39 Scout Tower
09:40 Scout Tower
09:40 Scout Tower
09:41 Scout Tower
09:42 Scout Tower
09:42 Scout Tower
09:43 Scout Tower
09:43 Scout Tower
09:44 Scout Tower
09:45 Scout Tower
09:51 Scout Tower
09:52 Scout Tower
10:06 Guard Tower
10:06 Guard Tower
10:13 Guard Tower
10:13 Guard Tower
11:11 Castle
11:17 Arcane Sanctum
11:27 Guard Tower
11:28 Scout Tower
11:29 Scout Tower
11:29 Scout Tower
11:33 Scout Tower
11:33 Scout Tower
11:34 Scout Tower
11:49 Scout Tower
11:50 Scout Tower
11:51 Scout Tower
11:51 Scout Tower
11:52 Scout Tower
11:52 Scout Tower
11:53 Scout Tower
11:53 Scout Tower
11:53 Scout Tower
11:54 Scout Tower
11:54 Scout Tower
11:54 Scout Tower
12:31 Arcane Vault
12:35 Scout Tower
12:35 Scout Tower
12:36 Scout Tower
12:36 Scout Tower
14:04 Scout Tower
14:06 Guard Tower
14:23 Guard Tower
14:30 Gryphon Aviary
14:35 Scout Tower
14:36 Scout Tower
14:38 Scout Tower
14:39 Scout Tower
14:42 Guard Tower
14:42 Guard Tower
14:44 Scout Tower
14:44 Scout Tower
14:45 Scout Tower
14:46 Scout Tower
14:46 Scout Tower
14:47 Scout Tower
14:47 Scout Tower
14:50 Scout Tower
14:52 Scout Tower
14:53 Scout Tower
14:54 Scout Tower
14:55 Scout Tower
14:56 Scout Tower
14:56 Scout Tower
14:58 Guard Tower
15:07 Gryphon Aviary
15:08 Gryphon Aviary
15:13 Farm
15:16 Farm
15:16 Farm
15:17 Farm
15:18 Farm
15:19 Farm
15:20 Farm
15:25 Blacksmith
15:48 Guard Tower
15:48 Guard Tower
16:25 Guard Tower
16:25 Guard Tower
16:47 Guard Tower
16:47 Guard Tower
16:47 Guard Tower
17:57 Guard Tower
17:58 Guard Tower
17:58 Guard Tower
18:04 Scout Tower
18:05 Scout Tower
18:06 Scout Tower
18:06 Scout Tower
18:06 Scout Tower
18:35 Guard Tower
18:36 Guard Tower
20:27 Scout Tower
20:28 Scout Tower
20:28 Scout Tower
20:28 Scout Tower
20:29 Scout Tower
20:29 Scout Tower
20:31 Scout Tower
20:31 Scout Tower
20:33 Scout Tower
20:36 Scout Tower
20:36 Scout Tower
20:36 Scout Tower
20:37 Scout Tower
20:37 Scout Tower
20:38 Scout Tower
20:38 Scout Tower
20:39 Scout Tower
20:40 Scout Tower
20:40 Scout Tower
20:51 Guard Tower
20:51 Guard Tower
20:52 Guard Tower
21:21 Guard Tower
21:21 Guard Tower
23:10 Scout Tower
23:16 Scout Tower
23:17 Guard Tower
23:23 Guard Tower
23:24 Guard Tower
23:24 Guard Tower
23:25 Guard Tower
23:25 Guard Tower
24:13 Guard Tower
24:13 Guard Tower
24:17 Scout Tower
24:18 Scout Tower
24:19 Scout Tower
24:19 Scout Tower
24:20 Scout Tower
24:21 Scout Tower
24:22 Scout Tower
24:25 Scout Tower
24:26 Scout Tower
24:41 Guard Tower
24:51 Scout Tower
24:53 Scout Tower
24:55 Scout Tower
25:22 Guard Tower
» items
| Staff of Teleportation | 2 | |
| Scroll of Regeneration | 1 | |
| Boots of Speed | 3 | |
| Periapt of Vitality | 1 | |
| Circlet of Nobility | 1 | |
| Potion of Lesser Invulnerability | 1 | |
9 total
timg4strok (
red | 85 APM | 2235 actions | 26:21)
5 Blademaster
2 Wind Walk
3 Critical Strike
» actions
| Assign group hotkey | 13 | |
| Basic commands | 4 | |
| Build / train | 58 | |
| ESC pressed | 8 | |
| Enter build submenu | 52 | |
| Enter hero's abilities submenu | 5 | |
| Give item / drop item | 4 | |
| Right click | 1348 | |
| Select / deselect | 199 | |
| Select group hotkey | 383 | |
| Use ability | 161 | |
2235 total
» units
» upgrades
| Spiked Barricades | 1 | |
| Ranged Weapons | 2 | |
| Liquid Fire | 1 | |
4 total
» buildings
| Altar of Storms | 2 | |
| Orc Burrow | 5 | |
| War Mill | 2 | |
| Watch Tower | 34 | |
| Voodoo Lounge | 1 | |
| Stronghold | 2 | |
| Beastiary | 2 | |
| Great Hall | 1 | |
| Fortress | 1 | |
50 total
» build order
00:05 Altar of Storms
00:16 Orc Burrow
00:24 War Mill
01:42 Watch Tower
01:51 Watch Tower
02:40 Watch Tower
02:50 Watch Tower
03:17 Voodoo Lounge
03:38 Stronghold
03:56 Watch Tower
04:25 Watch Tower
04:51 Watch Tower
05:07 Watch Tower
05:40 Watch Tower
05:50 Watch Tower
05:54 Watch Tower
05:55 Watch Tower
06:05 Watch Tower
06:05 Watch Tower
06:07 Watch Tower
06:12 Orc Burrow
06:14 Beastiary
06:18 Beastiary
06:22 Watch Tower
06:23 Watch Tower
06:37 Watch Tower
07:34 Watch Tower
07:34 Watch Tower
07:39 Watch Tower
08:43 War Mill
08:51 Watch Tower
09:59 Watch Tower
10:02 Altar of Storms
11:14 Watch Tower
11:19 Orc Burrow
12:13 Great Hall
12:25 Watch Tower
13:32 Watch Tower
14:38 Watch Tower
15:08 Watch Tower
15:45 Watch Tower
16:29 Orc Burrow
18:11 Orc Burrow
18:47 Watch Tower
18:54 Stronghold
19:27 Watch Tower
19:57 Watch Tower
20:53 Watch Tower
21:07 Watch Tower
21:33 Fortress
» items
| Lesser Clarity Potion | 5 | |
| Healing Salve | 3 | |
| Boots of Speed | 1 | |
| Staff of Teleportation | 1 | |
| Orb of Lightning | 1 | |
11 total
Chat log
(00:11 / All) timg4strok: hi good luck dont suck
(00:23 / All) Smurph: ok
(00:27 / All) Smurph: thanks for the advice
(00:28 / All) BEAR_AND: Hey all
(00:39 / All) BEAR_AND: from??
(00:47 / All) Smurph: the underworld
(01:13 / All) Magma_: kid, where are you from?
(01:17 / All) BEAR_AND: toronto, ontario
(01:25 / All) Magma_: canada?
(01:27 / All) Magma_: ouch
(01:28 / All) BEAR_AND: correct
(01:35 / All) Smurph: usa
(01:36 / All) Smurph: indiana
(01:38 / All) Smurph: lets go abby
(01:43 / All) BEAR_AND: we've been to indiana
(02:51 / All) BEAR_AND: potm, thanks
(02:59 / All) BEAR_AND: aura first, super thanks
(03:06 / All) BEAR_AND: lmao
(03:08 / All) BEAR_AND: l o l
(03:31 / All) BEAR_AND: we are going to win this game
(03:34 / All) BEAR_AND: just fyi
(03:40 / All) Magma_: you are still canadian
(03:44 / All) BEAR_AND: i grew up in usa
(03:51 / All) BEAR_AND: half N half
(03:59 / All) Magma_: mudblood?
(04:06 / All) BEAR_AND: do U like twilight or something
(04:14 / All) Smurph: -__-
(04:47 / All) Smurph: YELLOW YOU HAVE TO BE AMUDBLOOD
(04:56 / All) BEAR_AND: is that from true blood
(05:02 / All) Smurph: no from buffie
(05:32 / All) BEAR_AND: lol
(16:55 / All) BEAR_AND: you are awful
(16:59 / All) BEAR_AND: i likle it
(17:06 / All) Smurph: if onyl half as much as i like you
(17:43 / All) BEAR_AND: a dryad
(21:46 / All) BEAR_AND: blue
(21:47 / All) BEAR_AND: you are base
(21:49 / All) BEAR_AND: good tp
(22:21 / All) BEAR_AND: careful : - )
(22:29 / All) Magma_: hands down gayest players i've ever seen
(22:38 / All) BEAR_AND: lol
(22:42 / All) BEAR_AND: it's 2012
(22:48 / All) BEAR_AND: how are you still using gay as a pejorative
(23:11 / All) BEAR_AND: leave now
(23:14 / All) BEAR_AND: i command you
(23:23 / All) Magma_: you=gay
(23:29 / All) Magma_: fucking dbags
(23:31 / All) BEAR_AND: lol
(23:36 / All) BEAR_AND: "gay" and "douchebag"
(23:40 / All) BEAR_AND: 9th grader detected
(24:05 / All) Magma_: i mean, you can't get any gayer
(24:09 / All) BEAR_AND: ok
(24:21 / All) Magma_: way to suck the fun out of wc3, didn't think it was possible
(24:28 / All) BEAR_AND: it is
(24:40 / All) BEAR_AND: i sucked all the fun out of your fundicks and put it in myg ame
(24:43 / All) BEAR_AND: my game is really fun & gay now
(25:10 / All) BEAR_AND: *snipe*
(25:30 / All) Magma_: *1v1 any time kid*
(25:33 / All) BEAR_AND: ok
(25:36 / All) BEAR_AND: mr. aura first potm
(25:39 / All) BEAR_AND: i would love it
(25:59 / All) BEAR_AND: bye
(26:00 / All) BEAR_AND: leave
(26:00 / All) BEAR_AND: now
(26:02 / All) BEAR_AND: kiss my feet
(26:02 / All) BEAR_AND: bow
(26:15 / All) BEAR_AND: quit the game
(26:16 / All) BEAR_AND: yes
(26:16 / All) BEAR_AND: yes
(26:17 / All) BEAR_AND: yes
(26:17 / All) BEAR_AND: yes
(26:18 / All) BEAR_AND: yes
(26:19 / All) BEAR_AND: quit
(26:19 / All) BEAR_AND: leave
(26:20 / All) BEAR_AND: bye